 Dungeon Crawl Stone Soup version 0.26-a0-712-ga5a9c9c9d0 (webtiles) character file.

Game seed: 3824903846991273498

116403 mdsw14 the Covert (level 17, -14/112 HPs)
             Began as a Halfling Hunter on Nov 9, 2020.
             Was the Champion of Nemelex Xobeh.
             Killed from afar by a shock serpent (28 damage)
             ... with a bolt of electricity
             ... on level 1 of the Snake Pit on Nov 11, 2020.
             The game lasted 05:29:19 (43506 turns).

mdsw14 the Covert (Halfling Hunter)                Turns: 43506, Time: 05:29:22

Health: -14/112    AC: 27    Str: 16    XL:     17   Next: 26%
Magic:  25/25      EV: 18    Int: 10    God:    Nemelex Xobeh [******]
Gold:   2075       SH: 14    Dex: 24    Spells: 14/27 levels left

rFire    . . .     SeeInvis .   f - +6 short sword (flame)
rCold    + + +     Faith    .   S - +1 kite shield {rC+ rF+}
rNeg     . . .     Spirit   .   V - +1 ice dragon scales
rPois    +         Reflect  .   N - +1 hat
rElec    .         Harm     .   Q - +2 cloak {rPois}
rCorr    .         Rampage  +   z - +2 pair of gloves "Nycleob" {rC+}
MR       +....                  J - +1 pair of boots {rampage}
Stlth    ++++......             F - amulet of magic regeneration
HPRegen  0.28/turn              Z - +4 ring of protection
MPRegen  0.44/turn              d - +6 ring of dexterity

@: no status effects
A: small, mutation resistance 1
a: Draw Escape, Draw Destruction, Draw Summoning, Triple Draw, Deal Four, Stack
Five, Renounce Religion


You were on level 1 of the Snake Pit.
You worshipped Nemelex Xobeh.
Nemelex Xobeh was exalted by your worship.
You visited 4 branches of the dungeon, and saw 24 of its levels.
You also visited: Volcano.

You collected 2427 gold pieces.
You spent 352 gold pieces at shops.

Inventory:

Hand Weapons
 a - a +1 dagger of venom
 f - a +6 short sword of flaming (weapon)
 r - a +4 short sword of freezing
 s - a +2 hunting sling of freezing
 v - a +3 vampiric short sword
 G - a +0 giant club
Missiles
 b - 88 poisoned darts (quivered)
 h - 801 stones
 P - 152 sling bullets
Armour
 e - a +1 chain mail of cold resistance
 z - the +2 pair of gloves "Nycleob" (worn) {rC+}
   (You bought it in a shop on level 6 of the Dungeon)

   It protects you from cold.
 J - a +1 pair of boots of rampaging (worn)
 N - a +1 hat (worn)
 Q - a +2 cloak of poison resistance (worn)
 S - a +1 kite shield of resistance (worn)
 V - +1 ice dragon scales (worn)
 Y - +1 acid dragon scales
Jewellery
 d - a +6 ring of dexterity (right hand)
 q - an uncursed ring of positive energy
 F - an amulet of magic regeneration (around neck)
 K - an uncursed ring of see invisible
 X - an uncursed ring of protection from fire
 Z - a +4 ring of protection (left hand)
Wands
 c - a wand of iceblast (13)
 g - a wand of paralysis (4)
 o - a wand of digging (5)
 D - a wand of acid (14)
 H - a wand of polymorph (30)
 L - a wand of disintegration (26)
 T - a wand of flame (87)
Scrolls
 k - 2 scrolls of identify
 l - 3 scrolls of fog
 n - 2 scrolls of magic mapping
 t - a scroll of fear
 x - 9 scrolls of teleportation
 y - 3 scrolls of remove curse
 B - a scroll of holy word
 C - a scroll of noise {unknown}
 W - 2 scrolls of blinking
Potions
 j - 10 potions of curing
 m - 3 potions of stabbing
 p - a potion of cancellation
 A - a potion of haste
 E - 3 potions of invisibility
 I - 4 potions of heal wounds
 O - 5 potions of flight
 U - 2 potions of ambrosia
Miscellaneous
 i - a phantom mirror
 u - a lightning rod (4/4)
 w - a condenser vane (2/2)


   Skills:
 * Level 9.1 Fighting
 * Level 12.5 Short Blades
 - Level 12.0 Slings
 + Level 8.7 Armour
 + Level 9.0 Dodging
 * Level 13.2 Stealth
 * Level 10.9 Shields
 + Level 5.9 Spellcasting
 + Level 5.2 Ice Magic
 + Level 7.2 Earth Magic
 + Level 10.7 Invocations
 + Level 7.0 Evocations


You had 14 spell levels left.
You knew the following spells:

 Your Spells              Type           Power        Failure   Level
a - Sandblast             Erth           ###...       11%         1
b - Freeze                Ice            ##..         24%         1
c - Ozocubu's Armour      Ice            ##......     56%         3
d - Frozen Ramparts       Ice            ##....       56%         3
e - Lee's Rapid Deconstr  Erth           ###.......   96%         5

Your spell library contained the following spells:

 Spells                   Type           Power        Failure   Level
 Passwall                 Tmut/Erth      ##......     56%         2
 Ensorcelled Hibernation  Hex/Ice        #.....       71%         2
 Stone Arrow              Conj/Erth      ##....       80%         3
 Animate Skeleton         Necr           #.....       90%         1
 Beastly Appendage        Tmut           #.....       90%         1
 Corona                   Hex            #......      90%         1
 Pain                     Necr           #...         90%         1
 Swiftness                Air            #.......     97%         2
 Wereblood                Tmut           #.......     97%         2
 Confusing Touch          Hex            #.......     99%         3
 Dazzling Flash           Conj/Hex       #.....       99%         3
 Gell's Gravitas          Tloc           #.........   99%         3
 Spider Form              Tmut/Pois      #.........   99%         3
 Tukima's Dance           Hex            #.......     99%         3
 Vampiric Draining        Necr           #.........   99%         3
 Petrify                  Tmut/Erth      ##......     99%         4
 Animate Dead             Necr           #.........   100%        4
 Hailstorm                Conj/Ice       #.......     100%        4
 Ice Form                 Ice/Tmut       #.......     100%        4
 Passage of Golubria      Tloc           N/A          100%        4
 Summon Ice Beast         Ice/Summ       #.......     100%        4
 Agony                    Necr           #.......     100%        5
 Blade Hands              Tmut           #.........   100%        5
 Irradiate                Conj/Tmut      #.........   100%        5
 Metabolic Englaciation   Hex/Ice        #.........   100%        5
 Yara's Violent Unravell  Hex/Tmut       #.........   100%        5
 Hydra Form               Tmut           #.........   100%        6
 Invisibility             Hex            #.......     100%        6
 Statue Form              Tmut/Erth      ##.......    100%        6
 Dragon Form              Tmut           #.........   100%        7


Dungeon Overview and Level Annotations

Branches:
Dungeon (15/15)            Temple (0/1) D:5            Lair (6/6) D:11
  Swamp (0/4) Lair:2        Snake (1/4) Lair:2        Slime (0/5) Lair:5
    Orc (2/2) D:10            Elf (0/3) Orc:2        Vaults (0/5) D:14
 Depths (0/5) D:15        Volcano (visited)

Altars:
Ashenzari
Cheibriados
Nemelex Xobeh
Qazlal
Trog
Wu Jian
Yredelemnul

Shops:
D:6 ?*:[   Orc:2 [(**   Snake:1 (

Annotations:
D:8 mirrmirr level 10 ghost, MirrMurr's ghost, novice PaFi
D:15 !Kirke!, Kirke; Roxanne
Lair:5 2 transporters, Bofex's ghost, journeyman OpTm


Innate Abilities, Weirdness & Mutations

You are small and have problems with some larger weapons.
You are somewhat resistant to further mutation.


Message History

You draw a card...
You have drawn the Orb.
Press: ? - help, Shift-Dir - straight line, f - shock serpent
Aim: a shock serpent (moderately wounded)
The wavering orb of destruction weakly hits the shock serpent!!
The shock serpent is almost dead.
The shock serpent's electric aura discharges, shocking you!
The shock serpent shoots out a bolt of lightning at you!
The bolt of electricity hits you!
* * * LOW HITPOINT WARNING * * *
The bolt of electricity hits you but does no damage.
The bolt of electricity misses the shock serpent.
Your +2 trident hits the shock serpent!
You block the shock serpent's attack.
Your +2 trident completely misses the shock serpent.
The shock serpent shoots out a bolt of lightning at you!
The bolt of electricity hits you!
* * * LOW HITPOINT WARNING * * *
The bolt of electricity hits you!!
You die...
Your body disappears without a glow.

.S..... #.##..# .#. .....
.#....# ... ..N ###.......
...######.# #......... .
#.##.....## #......... .##
.......##.### #......... #..##
#......##...####........
#...####N....# ##...###........
......##.## #@.S.##.........
.......#># ##..(....#.......
........#######.......##.......
......##.##..#.......#.##....#.
......##........#......# ...#.#
......##........##.....###.##..
.....##.........##......# #.
....##...........####..##
.∩..#.#.........#..#.###


You could see a shock serpent and a friendly +2 trident (summoned).

Vanquished Creatures
  Frances (D:14)
  Agnes (D:15)
  A sphinx (D:13)
  A tengu reaver (D:13)
  An emperor scorpion (D:15)
  A red draconian (Volcano)
  2 ettins
  The ghost of Arthanis the Severer, a journeyman GrBe of Trog (Orc:1)
  Snorg (Orc:2)
  A fire dragon (D:13)
  2 boulder beetles
  Harold (D:7)
  10 hydras
  Erica (D:10)
  7 death yaks
  2 centaur warriors
  3 ogre magi
  19 two-headed ogres
  2 orc high priests
  Nergalle (D:12)
  2 deep trolls
  A wolf spider zombie (D:14)
  2 deep elf magi
  4 cyclopes
  A salamander (D:15)
  8 ugly things
  3 manticores
  A mana viper (Snake:1)
  4 centaur zombies
  2 black mambas
  A guardian serpent (Lair:2)
  A black mamba (shapeshifter) (D:14)
  13 elephants
  A gargoyle (D:12)
  8 cane toads
  A freezing wraith (D:15)
  11 komodo dragons
  3 tyrant leeches (Lair:1)
  A redback zombie (D:14)
  4 polar bears
  9 trolls
  14 blink frogs
  4 hornets
  11 slime creatures
  A slime creature (shapeshifter) (D:14)
  8 dream sheep
  A centaur simulacrum (D:15)
  A vampire (D:13)
  5 wraiths
  11 spriggans
  3 fire bats (Lair:1)
  3 wyverns
  5 basilisks
  74 yaks
  5 vampire mosquitoes
  2 wargs (Orc:2)
  A soldier ant (D:11)
  3 acid dragons
  16 water moccasins
  13 orc warriors
  A sky beast (D:15)
  3 ice beasts
  8 black bears
  A hornet zombie (D:12)
  2 necrophages
  2 eyes of draining (D:13)
  55 wolves
  32 ogres
  3 phantoms
  5 boggarts
  14 centaurs
  4 big kobolds
  17 bullfrogs
  5 scorpions
  6 killer bees
  9 wights
  8 howler monkeys
  2 electric eels
  2 bullfrog zombies
  3 quasits
  A bullfrog skeleton (D:12)
  5 hounds
  10 jellies
  23 orc wizards
  Crazy Yiuf (D:5)
  3 centaur skeletons
  14 orc priests
  2 iguanas
  4 hell rats
  11 worker ants
  Robin (D:3)
  12 adders
  7 gnolls
  2 worker ant zombies
  A river rat (D:5)
  2 shadow imps (D:9)
  2 white imps
  4 ufetubi
  An ooze (D:1)
  An adder skeleton (D:8)
  2 adder zombies
  3 worms
  3 dart slugs
  3 leopard geckos
  70 orcs
  3 ball pythons
  4 bats
  7 giant cockroaches
  2 gnoll zombies (D:3)
  13 goblins
  19 hobgoblins
  33 kobolds
  2 quokkas
  4 frilled lizards
  A jackal skeleton (D:7)
  8 rats
787 creatures vanquished.

Vanquished Creatures (collateral kills)
  A dire elephant (D:15)
  Josephine (Orc:1)
  A hydra (D:13)
  A death knight (D:15)
  A slime creature (D:13)
  An orc knight (Orc:1)
  2 ugly things (D:15)
  5 elephants
  Psyche (D:12)
  A cane toad (Lair:5)
  A freezing wraith (D:15)
  2 trolls
  A merfolk (D:9)
  A blink frog (Lair:6)
  13 dream sheep
  A spriggan (Lair:1)
  2 wraiths
  2 vampire mosquitoes (D:10)
  A warg (Orc:1)
  Menkaure (D:7)
  Duvessa (D:7)
  A swamp drake (D:5)
  An orc warrior (Orc:1)
  An ogre (Orc:1)
  2 centaurs
  3 wolves
  A bullfrog (D:15)
  Dowan (D:7)
  An orc priest (Orc:1)
  3 orc wizards
  An adder (D:7)
  A white imp (D:5)
  7 orcs
  A giant cockroach (D:5)
  4 goblins (Orc:1)
69 creatures vanquished.

Vanquished Creatures (others)
  An unseen horror (D:14)
  A centaur (D:14)
  An orc (D:5)
  A bush (Lair:6)
  49 fungi
  51 plants
104 creatures vanquished.

Grand Total: 960 creatures vanquished

Notes
Turn   | Place    | Note
-------+----------+-------------------------------------------
     0 | D:1      | mdsw14 the Halfling Hunter began the quest for the Orb.
     0 | D:1      | Reached XP level 1. HP: 14/14 MP: 1/1
   135 | D:1      | Reached XP level 2. HP: 19/19 MP: 2/2
   331 | D:1      | Reached XP level 3. HP: 24/24 MP: 3/3
   339 | D:1      | Reached skill level 1 in Short Blades
   426 | D:1      | Found an ornate altar of the Wu Jian Council.
   506 | D:1      | Reached skill level 2 in Stealth
   763 | D:1      | Reached skill level 1 in Armour
  1078 | D:2      | Reached XP level 4. HP: 29/29 MP: 4/4
  1107 | D:2      | Found a sparkling altar of Nemelex Xobeh.
  1149 | D:2      | Became a worshipper of Nemelex Xobeh the Trickster
  1586 | D:2      | You fall into a shaft and drop 2 floors!
  1721 | D:5      | Entered Level 5 of the Dungeon
  1721 | D:5      | Noticed a centaur
  1760 | D:4      | Reached XP level 5. HP: 25/34 MP: 6/6
  1784 | D:3      | Noticed Robin
  2004 | D:2      | Found a faded altar of an unknown god.
  2258 | D:3      | Reached * piety under Nemelex Xobeh
  2413 | D:3      | Reached skill level 1 in Spellcasting
  2475 | D:2      | Reached XP level 6. HP: 26/40 MP: 7/7
  2592 | D:2      | Reached skill level 3 in Stealth
  2732 | D:3      | Reached skill level 1 in Invocations
  2873 | D:3      | Killed Robin
  2924 | D:3      | Found a stormy altar of Qazlal.
  3174 | D:3      | Found a basalt altar of Yredelemnul.
  3462 | D:4      | Received a gift from Nemelex Xobeh
  3650 | D:4      | Reached ** piety under Nemelex Xobeh
  3809 | D:4      | Noticed an ogre
  3819 | D:4      | Killed an ogre
  3819 | D:4      | Reached XP level 7. HP: 45/45 MP: 7/9
  4030 | D:4      | Received a gift from Nemelex Xobeh
  4635 | D:4      | Reached skill level 1 in Shields
  4803 | D:5      | Reached skill level 4 in Stealth
  4803 | D:5      | Reached XP level 8. HP: 29/51 MP: 10/10
  5378 | D:5      | Received a gift from Nemelex Xobeh
  6099 | D:5      | Found an ornate altar of the Wu Jian Council.
  6300 | D:6      | Found Icvij's Antique Armour Emporium.
  6404 | D:5      | Found a staircase to the Ecumenical Temple.
  6462 | D:5      | Found a runed translucent door.
  6463 | D:5      | Noticed Crazy Yiuf
  6477 | D:5      | Killed Crazy Yiuf
  6814 | D:6      | Reached skill level 5 in Stealth
  6872 | D:6      | Bought a pair of buzzing gloves for 180 gold pieces
  6877 | D:6      | Identified the +2 pair of gloves "Nycleob" {rC+} (You
                  | bought it in a shop on level 6 of the Dungeon)
  6877 | D:6      | Bought a glowing kite shield for 142 gold pieces
  6948 | D:6      | Reached XP level 9. HP: 56/56 MP: 12/12
  7126 | D:6      | Reached skill level 5 in Short Blades
  7302 | D:6      | Found Geot's Magic Scroll Shoppe.
  7352 | D:6      | Found Nionnus's Book Shop.
  7466 | D:6      | Reached *** piety under Nemelex Xobeh
  7545 | D:6      | Found Qamirudd's Assorted Antiques.
  8542 | D:6      | Got a spiked ring mail
  8554 | D:6      | Identified the cursed +0 ring mail of Dawn {+Blink rElec
                  | Slay-4 Stlth+} (You found it on level 6 of the Dungeon)
  8849 | D:8      | Found a snail-covered altar of Cheibriados.
  8885 | D:8      | Learned a level 1 spell: Sandblast
  9077 | D:7      | Noticed Menkaure
  9083 | D:7      | Killed Menkaure
  9087 | D:7      | Noticed Dowan
  9088 | D:7      | Noticed Duvessa
  9101 | D:7      | Killed Duvessa
  9105 | D:7      | Killed Dowan
  9245 | D:7      | Reached skill level 6 in Stealth
  9389 | D:7      | Noticed Harold
  9422 | D:7      | Killed Harold
  9422 | D:7      | Reached skill level 5 in Invocations
  9422 | D:7      | Reached XP level 10. HP: 45/63 MP: 12/14
  9627 | D:7      | Found a broken altar of Ashenzari.
  9671 | D:8      | Received a gift from Nemelex Xobeh
 10107 | D:7      | Reached skill level 10 in Slings
 10615 | D:8      | Found a runed translucent gate.
 10615 | D:8      | Found a runed translucent gate.
 10617 | D:8      | Found a runed translucent gate.
 10623 | D:8      | Noticed MirrMurr's ghost (novice PaFi)
 10668 | D:9      | Reached **** piety under Nemelex Xobeh
 10885 | D:8      | Reached skill level 7 in Stealth
 11066 | D:8      | Received a gift from Nemelex Xobeh
 11542 | D:9      | Reached skill level 1 in Evocations
 11600 | D:9      | Noticed a brown ugly thing
 11641 | D:8      | Killed a brown ugly thing
 11641 | D:8      | Reached skill level 5 in Dodging
 11641 | D:8      | Reached skill level 1 in Earth Magic
 11826 | D:10     | Entered Level 10 of the Dungeon
 11945 | D:9      | Reached XP level 11. HP: 34/69 MP: 15/15
 12342 | D:9      | Noticed a two-headed ogre
 12523 | D:8      | Killed a two-headed ogre
 13383 | D:9      | Reached skill level 8 in Stealth
 13596 | D:10     | Received a gift from Nemelex Xobeh
 13945 | D:10     | Noticed a two-headed ogre
 13984 | D:10     | Killed a two-headed ogre
 13984 | D:10     | Reached skill level 5 in Armour
 14250 | D:10     | Noticed a two-headed ogre
 14276 | D:10     | Killed a two-headed ogre
 14431 | D:10     | Reached ***** piety under Nemelex Xobeh
 14431 | D:10     | Received a gift from Nemelex Xobeh
 14755 | D:10     | Found a staircase to the Orcish Mines.
 14931 | Orc:1    | Entered Level 1 of the Orcish Mines
 14931 | Orc:1    | Noticed Erica
 14931 | Orc:1    | Noticed an orc high priest
 15329 | D:11     | Noticed a manticore
 15351 | D:11     | Killed a manticore
 15563 | D:11     | Reached XP level 12. HP: 75/75 MP: 17/17
 15582 | D:11     | Received a gift from Nemelex Xobeh
 15883 | D:11     | Found a staircase to the Lair.
 15911 | D:11     | Reached skill level 5 in Shields
 16175 | D:11     | Noticed a two-headed ogre
 16196 | D:11     | Killed a two-headed ogre
 16596 | Lair:1   | Entered Level 1 of the Lair of Beasts
 16791 | Lair:1   | Noticed a four-headed hydra
 16814 | Lair:1   | Killed a four-headed hydra
 16814 | Lair:1   | Reached skill level 5 in Fighting
 16814 | Lair:1   | Reached skill level 9 in Stealth
 17212 | Lair:1   | Found a dark tunnel.
 17237 | Volcano  | Entered a volcano
 17243 | Volcano  | Received a gift from Nemelex Xobeh
 17281 | Volcano  | Noticed a centaur warrior
 17305 | Volcano  | Killed a centaur warrior
 17524 | Volcano  | Noticed a red draconian
 17580 | Volcano  | Killed a red draconian
 18149 | Lair:1   | Noticed a seven-headed hydra
 18192 | Lair:1   | Noticed a boulder beetle
 18192 | Lair:1   | a seven-headed hydra changed into a boulder beetle
 18209 | Lair:1   | Killed a boulder beetle
 18651 | Lair:1   | You fall into a shaft and drop 1 floor!
 19055 | Lair:2   | Found a staircase to the Swamp.
 19371 | Lair:1   | Reached XP level 13. HP: 77/81 MP: 19/19
 19878 | Lair:2   | Noticed a five-headed hydra
 21409 | D:11     | Reached skill level 10 in Short Blades
 21409 | D:11     | Reached skill level 10 in Stealth
 21557 | D:12     | Learned a level 1 spell: Freeze
 21575 | D:12     | Noticed Psyche
 21600 | D:12     | Killed Psyche
 21643 | D:12     | Received a gift from Nemelex Xobeh
 21667 | D:12     | Noticed a five-headed hydra
 21715 | D:12     | Killed a five-headed hydra
 22454 | D:12     | Noticed Nergalle
 22493 | D:12     | Killed Nergalle
 22552 | D:12     | Reached skill level 1 in Ice Magic
 22804 | D:13     | Noticed a seven-headed hydra
 22986 | D:13     | Killed a seven-headed hydra
 23818 | Lair:2   | You fall into a shaft and drop 2 floors!
 23946 | Lair:4   | You fall into a shaft and drop 1 floor!
 24052 | Lair:5   | Noticed an eight-headed hydra
 24070 | Lair:5   | Noticed a five-headed hydra
 24077 | Lair:5   | Killed a five-headed hydra
 24077 | Lair:5   | Reached XP level 14. HP: 90/90 MP: 20/20
 24429 | Lair:4   | Received a gift from Nemelex Xobeh
 24839 | Lair:2   | Found a staircase to the Snake Pit.
 25331 | Lair:2   | Reached skill level 5 in Evocations
 25384 | Lair:3   | HP: 3/90 [death yak (20)]
 25798 | Lair:3   | Received a gift from Nemelex Xobeh
 25989 | Lair:3   | Reached ****** piety under Nemelex Xobeh
 26608 | Lair:4   | Received a gift from Nemelex Xobeh
 27092 | Lair:4   | Reached skill level 11 in Stealth
 27092 | Lair:4   | Reached skill level 5 in Earth Magic
 27606 | Lair:6   | Entered Level 6 of the Lair of Beasts
 27956 | Lair:5   | Found a transporter.
 27960 | Lair:5   | Found a transporter.
 27961 | Lair:5   | Found a bloodstained altar of Trog.
 27961 | Lair:5   | Identified the +7 spear of the Vendetta {antimagic, rElec
                  | rPois Int+4}
 27965 | Lair:5   | Noticed Bofex's ghost (journeyman OpTm)
 27969 | Lair:5   | Identified the +6 trident of Lonaseq {antimagic, +Rage rF+
                  | rN+ Dex+4}
 28216 | Lair:5   | Found a staircase to the Slime Pits.
 29139 | Lair:6   | Reached skill level 5 in Spellcasting
 29511 | Lair:4   | Reached XP level 15. HP: 34/96 MP: 22/22
 31890 | Lair:5   | Reached skill level 10 in Invocations
 31964 | Lair:6   | Received a gift from Nemelex Xobeh
 31970 | Lair:6   | Identified the cursed ring "Gaefeng" {+Blink rF+ MR- AC-4
                  | Int+3}
 33679 | D:13     | Received a gift from Nemelex Xobeh
 33771 | D:13     | Reached skill level 12 in Stealth
 34002 | D:13     | Received a gift from Nemelex Xobeh
 34501 | D:13     | Found a runed translucent door.
 34502 | D:13     | Noticed a sphinx
 34506 | D:13     | Killed a sphinx
 34519 | D:13     | Noticed a tengu reaver
 34522 | D:13     | Killed a tengu reaver
 34527 | D:13     | Reached XP level 16. HP: 105/105 MP: 24/24
 34984 | D:14     | Noticed Frances
 34986 | D:14     | Killed Frances
 35457 | D:15     | Entered Level 15 of the Dungeon
 35654 | D:14     | Found a bloodstained altar of Trog.
 35681 | D:14     | Reached skill level 10 in Shields
 36854 | D:14     | Found a gate to the Vaults.
 36925 | D:15     | Received a gift from Nemelex Xobeh
 37184 | D:15     | Noticed Roxanne
 37438 | D:15     | Found a staircase to the Depths.
 37978 | D:15     | Noticed Agnes
 37987 | D:15     | Killed Agnes
 38030 | D:15     | Noticed Kirke
 38733 | D:10     | Killed Erica
 39003 | Orc:1    | Found a runed translucent door.
 39003 | Orc:1    | Noticed Arthanis's ghost (journeyman GrBe)
 39036 | Orc:1    | Received a gift from Nemelex Xobeh
 39273 | Orc:1    | Killed Arthanis's ghost
 39474 | Orc:2    | Entered Level 2 of the Orcish Mines
 39975 | Orc:2    | Noticed Josephine
 40073 | Orc:1    | Killed Josephine
 40714 | Orc:2    | Found a staircase to the Elven Halls.
 40748 | Orc:2    | Reached skill level 13 in Stealth
 40750 | Orc:2    | Received a gift from Nemelex Xobeh
 41603 | Orc:1    | Reached skill level 5 in Ice Magic
 42208 | Orc:2    | Reached XP level 17. HP: 105/112 MP: 25/25
 42906 | Orc:2    | Noticed Snorg
 42917 | Orc:2    | Killed Snorg
 42962 | Orc:2    | Found Yskedgh's General Store.
 42962 | Orc:2    | Found Otsyipn's Armour Shop.
 42989 | Orc:2    | Found Jeddew's General Store.
 42996 | Orc:2    | Found Keguwk's Weapon Boutique.
 43188 | Orc:2    | Bought a scroll of identify for 30 gold pieces
 43385 | Snake:1  | Entered Level 1 of the Snake Pit
 43388 | Snake:1  | Received a gift from Nemelex Xobeh
 43402 | Snake:1  | Learned a level 3 spell: Ozocubu's Armour
 43406 | Snake:1  | Learned a level 3 spell: Frozen Ramparts
 43416 | Snake:1  | Learned a level 5 spell: Lee's Rapid Deconstruction
 43455 | Snake:1  | Found Tach's Weapon Shoppe.
 43506 | Snake:1  | Killed from afar by a shock serpent

Illustrated notes

Levels and vault maps discovered:
D:1:      lightli_arrival_windingriver, layout_loops_ring, minmay_hexomino_r4
D:2:      layout_basic, overflow_temple_1_default,
          chequers_ecumenical_altar_lobes, serial_bayou_pond_c
D:3:      layout_basic, lemuel_zombie_altar_yredelemnul, minmay_misc_feat_tiny,
          nicolae_qazlal_eye_of_the_storm, uniq_robin
D:4:      layout_layer_cave
D:5:      layout_cave_pools, kennysheep_mini_moat, temple_pool_b, st_stairs_13,
          uniq_crazy_yiuf_cottage
D:6:      layout_layer_cave, serial_shops, nicolae_shop_statue_plus,
          nicolae_shop_waterfront, shop_statue, nicolae_shop_stone,
          minmay_parallelograms
D:7:      layout_loops_ring, old_standard_altar, palyth_stone_intersect,
          uniq_duvessa, uniq_harold, uniq_menkaure
D:8:      layout_basic, basic_altar, gammafunk_ghost_split,
          minmay_misc_feat_five, nrook_loot_triangle
D:9:      layout_irregular_city, serial_column_ruins, column_ruins_grid_1,
          column_ruins_grid_1, column_ruins_corridor_corner,
          column_ruins_grid_3, column_ruins_columns_corner, hangedman_fish_farm
D:10:     layout_stronghold, orc_0_dummy
D:11:     layout_cave_pods, grunt_lair_entry_orc_guard_hut, serial_glass,
          glass_columns_a, glass_columns_c
D:12:     layout_gridville, uniq_nergalle, uniq_psyche
D:13:     layout_rooms, solitary_fountain, minivault_13
D:14:     layout_rooms, david_vaults_2, lemuel_doored_altar, uniq_frances
D:15:     hangedman_depths_entry_try_elsewhere_first, layout_basic,
          minmay_misc_feat_alley, minmay_fountain_box, uniq_roxanne, uniq_kirke,
          uniq_agnes
Lair:1:   layout_long_grid, nicolae_volcano_entry_batcave,
          grunt_forest_large_clearing_hut, grunt_megastairs_4,
          lemuel_fruit_tree, serial_bayou_shore_a, infiniplex_staircase_pool
Lair:2:   layout_misc_corridors, minmay_swamp_entry_worms,
          minmay_snake_entry_spellcaster, grunt_forest_small_clearings,
          beast_lair_carwin_11, grunt_megastairs_5, serial_bayou_shore_b
Lair:3:   layout_hall_layers, beast_lair_carwin_9
Lair:4:   layout_big_grid, columned_hall_lemuel, grunt_megastairs_2
Lair:5:   layout_regular_city, minmay_slime_entry_pillars,
          gammafunk_ghost_wrathful_warriors
Lair:6:   minmay_lair_end_enchanted_forest, layout_cave_shapes,
          serial_bayou_pond_e, fungi_pond_lemuel
Snake:1:  layout_chambers, serial_shops, shop, uniq_aizul
Orc:1:    layout_caves, ebering_ghost_reflecting_pool, enter_bailey_3,
          uniq_erica
Orc:2:    st_orc_open, layout_diamond_mine, uniq_snorg, uniq_josephine

Skill      XL: |  1  2  3  4  5  6  7  8  9 10 11 12 13 14 15 16 17 |
---------------+----------------------------------------------------+-----
Slings         | 6 7 8 9 10 11 12 | 12.0
Short Blades   | 1 2 3 4 6 7 8 9 10 11 12 | 12.5
Stealth        | 2 3 4 5 6 7 8 9 10 11 12 13 | 13.2
Armour         | 1 2 3 4 5 6 7 8 |  8.7
Fighting       | 2 3 4 5 6 8 9 |  9.1
Spellcasting   | 1 2 3 4 5 |  5.9
Invocations    | 1 2 3 5 6 7 8 9 10 | 10.7
Dodging        | 3 4 5 6 7 8 9 |  9.0
Shields        | 1 2 3 4 6 7 8 9 10 | 10.9
Evocations     | 1 2 3 4 5 6 7 |  7.0
Earth Magic    | 1 2 3 4 5 6 7 |  7.2
Ice Magic      | 1 3 4 5 |  5.2

Action                   |  1- 3 |  4- 6 |  7- 9 | 10-12 | 13-15 | 16-18 || total
-------------------------+-------+-------+-------+-------+-------+-------++-------
Melee: Short sword       |    24 |       |    14 |   132 |  1693 |  1004 ||  2867
       Dagger            |    14 |   101 |   212 |   590 |   907 |   124 ||  1948
       Rapier            |       |       |    26 |    32 |   308 |   208 ||   574
 Fire: Hunting sling     |    53 |   149 |   269 |   314 |   187 |   113 ||  1085
Throw: Throwing net      |       |       |     3 |     3 |       |       ||     6
       Dart              |       |       |     1 |     4 |     5 |       ||    10
Invok: Draw Destruction  |       |       |     5 |    14 |    13 |    11 ||    43
       Draw Escape       |       |       |     2 |     3 |     3 |     4 ||    12
       Draw Summoning    |       |       |     2 |    10 |    12 |    13 ||    37
       Triple Draw       |       |       |       |       |     1 |       ||     1
Evoke: Wand              |       |       |       |       |     4 |     3 ||     7
  Use: Scroll            |     2 |     2 |     4 |    21 |    11 |     4 ||    44
       Potion            |     1 |     2 |     2 |     3 |     6 |     7 ||    21
 Stab: Sleeping          |     1 |       |       |    18 |    16 |    10 ||    45
       Distracted        |       |       |     1 |     2 |     5 |     7 ||    15
       Held in net/web   |       |       |     1 |       |       |       ||     1
       Petrifying        |       |       |       |       |     3 |       ||     3
       Petrified         |       |       |       |       |     3 |       ||     3
Armor: Leather armour    |    10 |       |    37 |   151 |    83 |       ||   281
       Ring mail         |       |    46 |    10 |       |       |       ||    56
       Acid dragon scale |       |       |       |       |   161 |       ||   161
       Ice dragon scales |       |       |       |       |   429 |   319 ||   748
Dodge: Dodged            |    23 |   105 |    91 |   340 |  1210 |   512 ||  2281
Block: Kite shield       |       |     1 |   113 |   363 |  1584 |   663 ||  2724

Table legend: (Time is in decaauts)
 A = Elapsed time spent in this place.
 B = Non-inter-level travel time spent in this place.
 C = Inter-level travel time spent in this place.
 D = Time resting spent in this place.
 E = Time spent auto-exploring this place.
 F = Levels seen in this place.
 G = Mean time per level.
                   A        B        C        D        E       F      G
               +--------+--------+--------+--------+--------+-----+--------+
         Total |  41186 |  39022 |   2164 |  12239 |  11861 |  25 | 1647.4 |
       Dungeon |  23655 |  22212 |   1443 |   6174 |   8114 |  15 | 1577.0 |
          Lair |  12315 |  11738 |    577 |   3992 |   3009 |   6 | 2052.5 |
     Snake Pit |    117 |    117 |      0 |      0 |      0 |   1 |  117.0 |
  Orcish Mines |   4292 |   4148 |    144 |   1688 |    598 |   2 | 2146.0 |
       Volcano |    806 |    806 |      0 |    385 |    140 |   1 |  806.0 |
               +--------+--------+--------+--------+--------+-----+--------+

Top non-repeatable levels by time:
  Lair:5: 3686 daAuts
  Lair:1: 3164 daAuts
   Orc:1: 2758 daAuts
    D:11: 2417 daAuts
    D:13: 2204 daAuts
     D:6: 2185 daAuts
     D:4: 2140 daAuts
    D:12: 1799 daAuts
  Lair:6: 1671 daAuts
    D:10: 1633 daAuts
     D:9: 1627 daAuts
   Orc:2: 1534 daAuts
     D:5: 1512 daAuts
  Lair:4: 1460 daAuts
     D:8: 1454 daAuts
